SAAA
ROYSE CITY TARGARYENS @ SANTA BARBARA GOLDEN CRANES
08/10/2020
 
TOP OF THE 1ST
Royse City Targaryens batting - Pitching for Santa Barbara Golden Cranes : RHP Donald Hutchinson
Pitching: RHP Donald Hutchinson
Batting: RHB Andrew Weeks 0-0: Called Strike
0-1: Ball
1-1: Called Strike
1-2: Strikes out looking
Batting: RHB Johnny Foster 0-0: Ball
1-0: Swinging Strike
1-1: Ball
2-1: Swinging Strike
2-2: Ball
3-2: Fly out, F8 (Flyball, 8LM)
Batting: RHB Henry Jones 0-0: Fly out, F5 (Popup, 5SF)
Top of the 1st over - 0 run(s), 0 hit(s), 0 error(s), 0 left on base; Royse City 0 - Santa Barbara 0
BOTTOM OF THE 1ST
Santa Barbara Golden Cranes batting - Pitching for Royse City Targaryens : RHP Han-seung Kim
Pitching: RHP Han-seung Kim
Batting: RHB Kyle Dempsey 0-0: SINGLE (Line Drive, 6MD)
Batting: RHB José Masaferro 0-0: Ball
1-0: Grounds into double play, 6-4-3 (Groundball, 6)
Batting: RHB Jesús Murillo 0-0: Ball
1-0: Ball
2-0: Foul Ball, location: 2F
2-1: SINGLE (Groundball, 6MD)
Batting: LHB Marvin von Seydlitz 0-0: Ball
1-0: Foul Ball, location: 2F
1-1: Fly out, F7 (Flyball, 78M)
Bottom of the 1st over - 0 run(s), 2 hit(s), 0 error(s), 1 left on base; Royse City 0 - Santa Barbara 0
TOP OF THE 2ND
Royse City Targaryens batting - Pitching for Santa Barbara Golden Cranes : RHP Donald Hutchinson
Batting: LHB Andrés Ibarra 0-0: Foul Ball, location: 2F
0-1: Ball
1-1: Ball
2-1: Foul Ball, location: 2F
2-2: Ground out U3 (Groundball, 3)
Batting: RHB Michael Hicks 0-0: Ball
1-0: Ball
2-0: Foul Ball, location: 2F
2-1: Foul Ball, location: 2F
2-2: Strikes out swinging
Batting: RHB Bob Sargent 0-0: Called Strike
0-1: Swinging Strike
0-2: Ball
1-2: Ball
2-2: Ball
3-2: Foul Ball, location: 2F
3-2: Strikes out swinging
Top of the 2nd over - 0 run(s), 0 hit(s), 0 error(s), 0 left on base; Royse City 0 - Santa Barbara 0
BOTTOM OF THE 2ND
Santa Barbara Golden Cranes batting - Pitching for Royse City Targaryens : RHP Han-seung Kim
Batting: RHB San-gui Liang 0-0: Called Strike
0-1: Ball
1-1: Ball
2-1: Fly out, F9 (Flyball, 89XD)
Batting: RHB Mal Phillips 0-0: Called Strike
0-1: Called Strike
0-2: Strikes out swinging
Batting: RHB Ricardo Pérez 0-0: Fly out, F7 (Flyball, 78M)
Bottom of the 2nd over - 0 run(s), 0 hit(s), 0 error(s), 0 left on base; Royse City 0 - Santa Barbara 0
TOP OF THE 3RD
Royse City Targaryens batting - Pitching for Santa Barbara Golden Cranes : RHP Donald Hutchinson
Batting: LHB John Cossey 0-0: Ball
1-0: Fly out, F4 (Popup, 34)
Batting: RHB Thomas Vaughan 0-0: Called Strike
0-1: Foul Ball, location: 2F
0-2: Ball
1-2: Ball
2-2: Ground out 3-1 (Groundball, 23)
Batting: RHB Jonathan Widdop 0-0: Called Strike
0-1: Ball
1-1: Fly out, F4 (Popup, 4MD)
Top of the 3rd over - 0 run(s), 0 hit(s), 0 error(s), 0 left on base; Royse City 0 - Santa Barbara 0
BOTTOM OF THE 3RD
Santa Barbara Golden Cranes batting - Pitching for Royse City Targaryens : RHP Han-seung Kim
Batting: RHB Juan Jose Díaz 0-0: Ball
1-0: Called Strike
1-1: Foul Ball, location: 2F
1-2: Strikes out swinging
Batting: RHB Tim Wilson 0-0: Called Strike
0-1: Foul Ball, location: 2F
0-2: Strikes out swinging
Batting: RHB Kyle Dempsey 0-0: Ball
1-0: Foul Ball, location: 2F
1-1: DOUBLE (Line Drive, 5L)
Batting: RHB José Masaferro 0-0: Ball
1-0: Ball
2-0: Fly out, F8 (Line Drive, 8RD)
Bottom of the 3rd over - 0 run(s), 1 hit(s), 0 error(s), 1 left on base; Royse City 0 - Santa Barbara 0
TOP OF THE 4TH
Royse City Targaryens batting - Pitching for Santa Barbara Golden Cranes : RHP Donald Hutchinson
Batting: RHB Andrew Weeks 0-0: Called Strike
0-1: Foul Ball, location: 2F
0-2: Strikes out swinging
Batting: RHB Johnny Foster 0-0: SINGLE (Groundball, 6MD)
Batting: RHB Henry Jones 0-0: Swinging Strike
0-1: Foul Ball, location: 2F
0-2: Ball
1-2: Ball
2-2: Fly out, F8 (Flyball, 78M)
Batting: LHB Andrés Ibarra 0-0: Foul Ball, location: 2F
0-1: Ball
1-1: Ball
2-1: Swinging Strike
2-2: Ball
3-2: Fly out, F7 (Line Drive, 7M)
Top of the 4th over - 0 run(s), 1 hit(s), 0 error(s), 1 left on base; Royse City 0 - Santa Barbara 0
BOTTOM OF THE 4TH
Santa Barbara Golden Cranes batting - Pitching for Royse City Targaryens : RHP Han-seung Kim
Batting: RHB Jesús Murillo 0-0: Foul Ball, location: 2F
0-1: Ground out 5-3 (Groundball, 56S)
Batting: LHB Marvin von Seydlitz 0-0: Swinging Strike
0-1: Ground out 4-3 (Groundball, 13)
Batting: RHB San-gui Liang 0-0: Called Strike
0-1: Ball
1-1: Ball
2-1: Called Strike
2-2: Strikes out swinging
Bottom of the 4th over - 0 run(s), 0 hit(s), 0 error(s), 0 left on base; Royse City 0 - Santa Barbara 0
TOP OF THE 5TH
Royse City Targaryens batting - Pitching for Santa Barbara Golden Cranes : RHP Donald Hutchinson
Batting: RHB Michael Hicks 0-0: Ball
1-0: Foul Ball, location: 2F
1-1: Foul Ball, location: 2F
1-2: Ground out 5-3 (Groundball, 56)
Batting: RHB Bob Sargent 0-0: Called Strike
0-1: Ball
1-1: Ball
2-1: Swinging Strike
2-2: Strikes out swinging
Batting: LHB John Cossey 0-0: Called Strike
0-1: Foul Ball, location: 2F
0-2: Foul Ball, location: 2F
0-2: Ball
1-2: Ball
2-2: Strikes out swinging
Top of the 5th over - 0 run(s), 0 hit(s), 0 error(s), 0 left on base; Royse City 0 - Santa Barbara 0
BOTTOM OF THE 5TH
Santa Barbara Golden Cranes batting - Pitching for Royse City Targaryens : RHP Han-seung Kim
Batting: RHB Mal Phillips 0-0: Ball
1-0: Ball
2-0: Called Strike
2-1: SINGLE (Flyball, 8LS)
Batting: RHB Ricardo Pérez 0-0: Bunt missed!
0-1: Sac Bunt - play at first, batter safe!
Mal Phillips to second
Batting: RHB Juan Jose Díaz 0-0: Called Strike
0-1: Ball
1-1: Sac Bunt - play at first, batter OUT! 1-3
Mal Phillips to third
Ricardo Pérez to second
Batting: RHB Tim Wilson 0-0: Ball
1-0: SINGLE (Groundball, 5D)
Mal Phillips scores
Ricardo Pérez to third
Pitching: RHP Ron Kennedy
Batting: RHB Kyle Dempsey 0-0: Ball
1-0: Ball
2-0: Foul Ball, location: 2F
2-1: Foul Ball, location: 2F
2-2: Ball
3-2: Strikes out swinging
Tim Wilson steals 2nd base
Batter strikes out.
Batting: RHB José Masaferro 0-0: Ball
1-0: Fly out, F9 (Flyball, 9M)
Bottom of the 5th over - 1 run(s), 3 hit(s), 0 error(s), 2 left on base; Royse City 0 - Santa Barbara 1
TOP OF THE 6TH
Royse City Targaryens batting - Pitching for Santa Barbara Golden Cranes : RHP Donald Hutchinson
Batting: RHB Thomas Vaughan 0-0: Ball
1-0: Ball
2-0: Foul Ball, location: 2F
2-1: Ball
3-1: Base on Balls
Batting: RHB Jonathan Widdop 0-0: Called Strike
0-1: Ball
1-1: Swinging Strike
1-2: Ball
2-2: Strikes out looking
Batting: RHB Andrew Weeks 0-0: Foul Ball, location: 2F
0-1: Ball
Wild Pitch!
Thomas Vaughan to second
1-1: Swinging Strike
1-2: Foul Ball, location: 2F
1-2: Foul Ball, location: 2F
1-2: Ball
2-2: Strikes out looking
Batting: RHB Johnny Foster 0-0: Ball
1-0: Ball
2-0: SINGLE (Line Drive, 34D)
Thomas Vaughan to third
Runner from 3rd tries for Home, SAFE, no throw or cutoff
Batting: RHB Henry Jones 0-0: Called Strike
0-1: Called Strike
0-2: Ball
Johnny Foster steals 2nd base
1-2: Foul Ball, location: 2F
1-2: Ball
2-2: Ball
3-2: Fly out, F8 (Line Drive, 8LM)
Top of the 6th over - 1 run(s), 1 hit(s), 0 error(s), 1 left on base; Royse City 1 - Santa Barbara 1
BOTTOM OF THE 6TH
Santa Barbara Golden Cranes batting - Pitching for Royse City Targaryens : RHP Ron Kennedy
Batting: RHB Jesús Murillo 0-0: Ball
1-0: Ball
2-0: Called Strike
2-1: Ball
3-1: Fly out, F3 (Popup, 3)
Batting: LHB Marvin von Seydlitz 0-0: Called Strike
0-1: Ball
1-1: Ground out 4-3 (Groundball, 4)
Batting: RHB San-gui Liang 0-0: Ball
1-0: Foul Ball, location: 2F
1-1: Ball
2-1: Swinging Strike
2-2: Ball
3-2: Ground out 6-3 (Groundball, 6M)
Bottom of the 6th over - 0 run(s), 0 hit(s), 0 error(s), 0 left on base; Royse City 1 - Santa Barbara 1
TOP OF THE 7TH
Royse City Targaryens batting - Pitching for Santa Barbara Golden Cranes : RHP Donald Hutchinson
Batting: LHB Andrés Ibarra 0-0: Ball
1-0: Called Strike
1-1: Swinging Strike
1-2: Ball
2-2: Foul Ball, location: 2F
2-2: Foul Ball, location: 2F
2-2: Ground out 4-3 (Groundball, 4)
Batting: RHB Michael Hicks 0-0: Foul Ball, location: 2F
0-1: Foul Ball, location: 2F
0-2: Ball
1-2: SINGLE (Line Drive, 6MD)
Pinch Hitting: SHB Cedric Fields 0-0: Ball
1-0: Called Strike
1-1: Swinging Strike
1-2: Foul Ball, location: 2F
1-2: Foul Ball, location: 2F
1-2: Ball
2-2: Foul Ball, location: 2F
2-2: Foul Ball, location: 2F
2-2: SINGLE (Groundball, 3D)
Michael Hicks to second
Pinch Runner at 2nd Jim Unknown:
Batting: LHB John Cossey 0-0: Ground out 5-3 (Groundball, 5)
Jim Unknown to third
Cedric Fields to second
Batting: RHB Thomas Vaughan 0-0: Ball
1-0: Ball
2-0: Ball
3-0: Base on Balls
Pinch Hitting: RHB Charles Jordan 0-0: Ground out 4-3 (Groundball, 4)
Top of the 7th over - 0 run(s), 2 hit(s), 0 error(s), 3 left on base; Royse City 1 - Santa Barbara 1
BOTTOM OF THE 7TH
Santa Barbara Golden Cranes batting - Pitching for Royse City Targaryens : RHP Ron Kennedy
Now at 1B: Jim Unknown
Now at 3B: Charles Jordan
Now in CF: Cedric Fields
Batting: RHB Mal Phillips 0-0: Called Strike
0-1: Ball
1-1: Ball
2-1: Foul Ball, location: 2F
2-2: Ball
3-2: Base on Balls
Batting: RHB Ricardo Pérez 0-0: Sac Bunt - play at first, batter OUT! 1-4
Mal Phillips to second
Batting: RHB Juan Jose Díaz 0-0: Called Strike
0-1: Ground out 1-3 (Groundball, 23)
Mal Phillips to third
Pinch Hitting: RHB Carlos Rodríguez 0-0: Called Strike
0-1: Ball
1-1: Ball
2-1: Ball
3-1: Foul Ball, location: 2F
3-2: Foul Ball, location: 2F
3-2: Strikes out swinging
Bottom of the 7th over - 0 run(s), 0 hit(s), 0 error(s), 1 left on base; Royse City 1 - Santa Barbara 1
TOP OF THE 8TH
Royse City Targaryens batting - Pitching for Santa Barbara Golden Cranes : RHP Donald Hutchinson
Now in RF: Carlos Rodríguez
Pinch Hitting: RHB Bartolo Martínez 0-0: Foul Ball, location: 2F
0-1: Ball
1-1: Ball
2-1: Fly out, F8 (Flyball, 8LXD)
Batting: RHB Johnny Foster 0-0: Ball
1-0: Ball
2-0: Ball
3-0: Called Strike
3-1: Swinging Strike
3-2: Foul Ball, location: 2F
3-2: Foul Ball, location: 2F
3-2: Strikes out looking
Batting: RHB Henry Jones 0-0: Ball
1-0: Ball
2-0: Fly out, F2 (Popup, 2RF)
Top of the 8th over - 0 run(s), 0 hit(s), 0 error(s), 0 left on base; Royse City 1 - Santa Barbara 1
BOTTOM OF THE 8TH
Santa Barbara Golden Cranes batting - Pitching for Royse City Targaryens : RHP Ron Kennedy
Now at SS: Brent Burgess
Batting: RHB Kyle Dempsey 0-0: Ball
1-0: Foul Ball, location: 2F
1-1: Ball
2-1: Foul Ball, location: 2F
2-2: Ground out 1-3 (Groundball, 15S)
Batting: RHB José Masaferro 0-0: Ball
1-0: Fly out, F9 (Flyball, 9D)
Pinch Hitting: RHB Seth Varela 0-0: Foul Ball, location: 2F
0-1: Called Strike
0-2: Ball
1-2: Ground out 6-3 (Groundball, 6)
Bottom of the 8th over - 0 run(s), 0 hit(s), 0 error(s), 0 left on base; Royse City 1 - Santa Barbara 1
TOP OF THE 9TH
Royse City Targaryens batting - Pitching for Santa Barbara Golden Cranes : RHP Donald Hutchinson
Pitching: LHP Doug Robinson
Now at 2B: Pablo Lugo
Batting: LHB Andrés Ibarra 0-0: Ball
1-0: SINGLE (Line Drive, 89S)
Pinch Hitting: RHB Matt Nelson 0-0: Called Strike
0-1: Swinging Strike
0-2: Ball
1-2: Grounds into double play, 1-6-3 (Groundball, 15S)
Batting: SHB Cedric Fields 0-0: Ball
1-0: Ball
2-0: Called Strike
2-1: Ball
3-1: Base on Balls
Pinch Hitting: RHB Jorge Féliz 0-0: Ball
1-0: Ball
2-0: Called Strike
2-1: Called Strike
2-2: Foul Ball, location: 2F
2-2: Foul Ball, location: 2F
2-2: Ball
3-2: Fly out, F9 (Flyball, 9M)
Top of the 9th over - 0 run(s), 1 hit(s), 0 error(s), 1 left on base; Royse City 1 - Santa Barbara 1
BOTTOM OF THE 9TH
Santa Barbara Golden Cranes batting - Pitching for Royse City Targaryens : RHP Ron Kennedy
Pitching: RHP Jim Unknown
Now at 1B: Johnny Bryant
Now in RF: Matt Nelson
Pinch Hitting: LHB Miguel Mendoza 0-0: Ball
Single, Error in OF, E8, batter to second base
Batting: RHB San-gui Liang 0-0: Ball
1-0: Ball
2-0: Called Strike
2-1: Foul Ball, location: 2F
2-2: Ground out 3-1 (Groundball, 34)
Miguel Mendoza to third
Batting: RHB Mal Phillips 0-0: Intentional Walk
Batting: RHB Ricardo Pérez 0-0: Ball
1-0: Ball
2-0: Ball
3-0: Called Strike
3-1: Called Strike
3-2: Base on Balls
Mal Phillips to second
Batting: RHB Juan Jose Díaz 0-0: Ball
1-0: Ball
2-0: Called Strike
2-1: Foul Ball, location: 2F
2-2: Foul Ball, location: 2F
2-2: Ball
3-2: Base on Balls
Miguel Mendoza scores
Mal Phillips to third
Ricardo Pérez to second
This league is powered by Out of the Park Baseball, the baseball management simulation game for PC, Mac and Linux
Friday, October 23rd, 2015 - OOTP Baseball 16.9 Build 39